| TOP OF THE 1ST |
|
Mississippi Braves batting - Pitching for Harrisburg Senators : RHP Jimmy Purscell
|
|
Pitching: RHP Jimmy Purscell
|
|
|
Batting: LHB Sal Fernandez
|
0-0: Called Strike 0-1: Ball 1-1: Foul Ball, location: 2F 1-2: Ball 2-2: Ball 3-2: Strikes out swinging, 2-3 out at first.
|
|
Batting: RHB Paul Landes
|
0-0: Called Strike 0-1: Fly out, F9 (Flyball, 9, EV 92.5 MPH)
|
|
Batting: LHB Art D'Ascenzo
|
0-0: Ball 1-0: Ball 2-0: Ball 3-0: Called Strike 3-1: Base on Balls
|
|
Batting: RHB Luis Restrepo
|
0-0: Called Strike 0-1: Swinging Strike 0-2: Strikes out swinging
|
| Top of the 1st over - 0 runs, 0 hits, 0 errors, 1 left on base; Mississippi 0 - Harrisburg 0 |
| BOTTOM OF THE 1ST |
|
Harrisburg Senators batting - Pitching for Mississippi Braves : LHP Mark Gehring
|
|
Pitching: LHP Mark Gehring
|
|
|
Batting: RHB Nate Dickinson
|
0-0: SINGLE (Groundball, 6MD, EV 104.4 MPH)
|
|
Batting: RHB Ryan Hiemer
|
0-0: Ball Wild Pitch! Nate Dickinson to second 1-0: Called Strike 1-1: Ball 2-1: Foul Ball, location: 2F 2-2: SINGLE (Flyball, 5D, EV 84.4 MPH) Nate Dickinson to third
|
|
Batting: RHB Er Le
|
0-0: Ball 1-0: Swinging Strike 1-1: Called Strike 1-2: Ball 2-2: Ball 3-2: Base on Balls Ryan Hiemer to second
|
|
Batting: RHB Pat Scaturro
|
0-0: Called Strike 0-1: DOUBLE (Groundball, 5L, EV 95.6 MPH) Nate Dickinson scores Ryan Hiemer scores Er Le to third Runner from 3rd tries for Home, SAFE, no throw by LF
|
|
Batting: LHB Kevin Kantor
|
0-0: Ball 1-0: Called Strike 1-1: Ball 2-1: Foul Ball, location: 2F 2-2: Ground out 5-3 (Groundball, 56, EV 85.0 MPH)
|
|
Batting: RHB Bobby Bricker
|
0-0: Called Strike 0-1: Fly out, F9 (Flyball, 9D, EV 103.8 MPH) Runner from 2nd tags up, SAFE at 3rd, no throw by RF
|
|
Batting: SHB Curtis DeLille
|
0-0: Ball 1-0: Ball 2-0: Ball 3-0: SINGLE (Groundball, 4M, EV 102.5 MPH) Pat Scaturro scores
|
|
Batting: RHB Victor Cintron
|
0-0: Foul Ball, location: 2F 0-1: Ball 1-1: Swinging Strike 1-2: Ball 2-2: Ball 3-2: Strikes out looking
|
| Bottom of the 1st over - 4 runs, 4 hits, 0 errors, 1 left on base; Mississippi 0 - Harrisburg 4 |
| TOP OF THE 2ND |
|
Mississippi Braves batting - Pitching for Harrisburg Senators : RHP Jimmy Purscell
|
|
Batting: RHB Hieronim Rutkowski
|
0-0: Ground out 4-3 (Groundball, 34, EV 90.0 MPH)
|
|
Batting: RHB Tim Molchan
|
0-0: Ball 1-0: Ground out 6-3 (Groundball, 6, EV 101.9 MPH)
|
|
Batting: LHB Luis Cruz
|
0-0: Called Strike 0-1: Ball 1-1: Fly out, F5 (Popup, 5S, EV 73.1 MPH)
|
| Top of the 2nd over - 0 runs, 0 hits, 0 errors, 0 left on base; Mississippi 0 - Harrisburg 4 |
| BOTTOM OF THE 2ND |
|
Harrisburg Senators batting - Pitching for Mississippi Braves : LHP Mark Gehring
|
|
Batting: LHB Chris Williams
|
0-0: Fly out, F4 (Flyball, 34D, EV 79.4 MPH)
|
|
Batting: RHB Nate Dickinson
|
0-0: Foul Ball, location: 2F 0-1: Ball 1-1: Ball 2-1: Foul Ball, location: 2F 2-2: SINGLE (Flyball, 89M, EV 95.6 MPH)
|
|
Batting: RHB Ryan Hiemer
|
0-0: Foul Ball, location: 2F 0-1: Foul Ball, location: 2F 0-2: Ball 1-2: Foul Ball, location: 2F 1-2: Foul Ball, location: 2F 1-2: Foul Ball, location: 2F 1-2: Ball Wild Pitch! Nate Dickinson to second 2-2: Foul Ball, location: 2F 2-2: SINGLE (Line Drive, 4D, EV 94.4 MPH) Nate Dickinson to third
|
|
Batting: RHB Er Le
|
0-0: Ball Ryan Hiemer steals 2nd base 1-0: Foul Ball, location: 2F 1-1: Called Strike 1-2: Foul Ball, location: 2F 1-2: Foul Ball, location: 2F 1-2: Ball Wild Pitch! Nate Dickinson scores Ryan Hiemer to third 2-2: Ball 3-2: SINGLE (Line Drive, 3D, EV 97.5 MPH) Ryan Hiemer scores
|
|
Pitching: RHP Chris Hawkins
|
|
|
Batting: RHB Pat Scaturro
|
0-0: Called Strike Er Le steals 2nd base 0-1: Called Strike 0-2: Foul Ball, location: 2F 0-2: SINGLE (Groundball, 56D, EV 96.2 MPH) Er Le to third Runner from 3rd tries for Home, SAFE, throw by LF to home
|
|
Batting: LHB Kevin Kantor
|
0-0: Ball 1-0: Called Strike 1-1: Called Strike 1-2: Foul Ball, location: 2F 1-2: Foul Ball, location: 2F 1-2: Strikes out swinging
|
|
Batting: RHB Bobby Bricker
|
0-0: Called Strike 0-1: Ball 1-1: Foul Ball, location: 2F 1-2: Ball 2-2: Fielders Choice at 2nd, 6-4 (Groundball, 6, EV 91.9 MPH)
|
| Bottom of the 2nd over - 3 runs, 4 hits, 0 errors, 1 left on base; Mississippi 0 - Harrisburg 7 |
| TOP OF THE 3RD |
|
Mississippi Braves batting - Pitching for Harrisburg Senators : RHP Jimmy Purscell
|
|
Batting: RHB Elias Vences
|
0-0: Ground out 6-3 (Groundball, 6, EV 91.2 MPH)
|
|
Batting: RHB Gerard Michel
|
0-0: Called Strike 0-1: Ball 1-1: Swinging Strike 1-2: Ground out 4-3 (Groundball, 4MD, EV 83.8 MPH)
|
|
Batting: LHB Sal Fernandez
|
0-0: Foul Ball, location: 2F 0-1: Ball 1-1: Swinging Strike 1-2: Ball 2-2: Ball 3-2: Foul Ball, location: 2F 3-2: Strikes out swinging
|
| Top of the 3rd over - 0 runs, 0 hits, 0 errors, 0 left on base; Mississippi 0 - Harrisburg 7 |
| BOTTOM OF THE 3RD |
|
Harrisburg Senators batting - Pitching for Mississippi Braves : RHP Chris Hawkins
|
|
Batting: SHB Curtis DeLille
|
0-0: Ball 1-0: Ball 2-0: Ball 3-0: Called Strike 3-1: Foul Ball, location: 2F 3-2: Base on Balls
|
|
Batting: RHB Victor Cintron
|
0-0: Called Strike 0-1: Ball 1-1: Ball 2-1: Ball 3-1: Swinging Strike 3-2: Foul Ball, location: 2F 3-2: Fielders Choice at 2nd, 6-4 (Groundball, 6, EV 82.5 MPH)
|
|
Batting: LHB Chris Williams
|
0-0: Ball 1-0: Ball 2-0: Ball 3-0: Called Strike 3-1: Base on Balls Victor Cintron to second
|
|
Batting: RHB Nate Dickinson
|
0-0: Called Strike 0-1: Ground out 5-3 (Groundball, 56S, EV 69.4 MPH) Victor Cintron to third Chris Williams to second
|
|
Batting: RHB Ryan Hiemer
|
0-0: Called Strike 0-1: Called Strike 0-2: Foul Ball, location: 2F 0-2: Ball 1-2: Foul Ball, location: 2F 1-2: Foul Ball, location: 2F 1-2: Foul Ball, location: 2F 1-2: Foul Ball, location: 2F 1-2: Ground out 5-3 (Groundball, 56S, EV 95.0 MPH)
|
| Bottom of the 3rd over - 0 runs, 0 hits, 0 errors, 2 left on base; Mississippi 0 - Harrisburg 7 |
| TOP OF THE 4TH |
|
Mississippi Braves batting - Pitching for Harrisburg Senators : RHP Jimmy Purscell
|
|
Batting: RHB Paul Landes
|
0-0: SINGLE (Groundball, 6D, EV 100.0 MPH)
|
|
Batting: LHB Art D'Ascenzo
|
0-0: Ball 1-0: Fielders Choice at 2nd, 4-6 (Groundball, 4D, EV 84.4 MPH)
|
|
Batting: RHB Luis Restrepo
|
0-0: Ball 1-0: Called Strike Art D'Ascenzo steals 2nd, throwing error, E2 Art D'Ascenzo to third 1-1: Ball 2-1: Foul Ball, location: 2F 2-2: Foul Ball, location: 2F 2-2: Strikes out swinging
|
|
Batting: RHB Hieronim Rutkowski
|
0-0: Ball 1-0: Foul Ball, location: 2F 1-1: Foul Ball, location: 2F 1-2: Foul Ball, location: 2F 1-2: Fly out, F8 (Line Drive, 8RM, EV 98.1 MPH)
|
| Top of the 4th over - 0 runs, 1 hit, 1 error, 1 left on base; Mississippi 0 - Harrisburg 7 |
| BOTTOM OF THE 4TH |
|
Harrisburg Senators batting - Pitching for Mississippi Braves : RHP Chris Hawkins
|
|
Batting: RHB Er Le
|
0-0: Ball 1-0: Foul Ball, location: 2F 1-1: Ball 2-1: Called Strike 2-2: Ground out 5-3 (Groundball, 56, EV 81.2 MPH)
|
|
Batting: RHB Pat Scaturro
|
0-0: Swinging Strike 0-1: Ball 1-1: Foul Ball, location: 2F 1-2: Foul Ball, location: 2F 1-2: Foul Ball, location: 2F 1-2: Foul Ball, location: 2F 1-2: Ball 2-2: Foul Ball, location: 2F 2-2: Ground out 3-1 (Groundball, 34S, EV 83.8 MPH)
|
|
Pitching: LHP Jake Warwick
|
|
|
Batting: LHB Kevin Kantor
|
0-0: Swinging Strike 0-1: Called Strike 0-2: Strikes out swinging
|
| Bottom of the 4th over - 0 runs, 0 hits, 0 errors, 0 left on base; Mississippi 0 - Harrisburg 7 |
| TOP OF THE 5TH |
|
Mississippi Braves batting - Pitching for Harrisburg Senators : RHP Jimmy Purscell
|
|
Batting: RHB Tim Molchan
|
0-0: Called Strike 0-1: Called Strike 0-2: Ball 1-2: Ball 2-2: Ground out 5-3 (Groundball, 56S, EV 72.5 MPH)
|
|
Batting: LHB Luis Cruz
|
0-0: Called Strike 0-1: Ball 1-1: Swinging Strike 1-2: Ball 2-2: Strikes out looking
|
|
Batting: RHB Elias Vences
|
0-0: Called Strike 0-1: Swinging Strike 0-2: Strikes out swinging
|
| Top of the 5th over - 0 runs, 0 hits, 0 errors, 0 left on base; Mississippi 0 - Harrisburg 7 |
| BOTTOM OF THE 5TH |
|
Harrisburg Senators batting - Pitching for Mississippi Braves : LHP Jake Warwick
|
|
Batting: RHB Bobby Bricker
|
0-0: Fly out, F9 (Flyball, 9LM, EV 95.6 MPH)
|
|
Batting: SHB Curtis DeLille
|
0-0: Ball 1-0: Fly out, F9 (Flyball, 9, EV 89.4 MPH)
|
|
Batting: RHB Victor Cintron
|
0-0: Called Strike 0-1: SINGLE (Line Drive, 8RS, EV 91.9 MPH)
|
|
Batting: LHB Chris Williams
|
0-0: Swinging Strike 0-1: Fly out, F8 (Flyball, 8RD, EV 81.9 MPH)
|
| Bottom of the 5th over - 0 runs, 1 hit, 0 errors, 1 left on base; Mississippi 0 - Harrisburg 7 |
| TOP OF THE 6TH |
|
Mississippi Braves batting - Pitching for Harrisburg Senators : RHP Jimmy Purscell
|
|
Batting: RHB Gerard Michel
|
0-0: Foul Ball, location: 2F 0-1: Called Strike 0-2: Ball 1-2: Ball 2-2: Foul Ball, location: 2F 2-2: Foul Ball, location: 2F 2-2: Foul Ball, location: 2F 2-2: Strikes out swinging
|
|
Batting: LHB Sal Fernandez
|
0-0: Called Strike 0-1: Swinging Strike 0-2: Ball 1-2: Ball 2-2: Ball 3-2: Strikes out swinging
|
|
Batting: RHB Paul Landes
|
0-0: Ball 1-0: Foul Ball, location: 2F 1-1: Ball 2-1: Reached on error, E9 (Flyball, 89D, EV 106.2 MPH)
|
|
Batting: LHB Art D'Ascenzo
|
0-0: Ball 1-0: Swinging Strike 1-1: Ball 2-1: Called Strike 2-2: Ball 3-2: Ground out U3 (Groundball, 34, EV 85.0 MPH)
|
| Top of the 6th over - 0 runs, 0 hits, 1 error, 1 left on base; Mississippi 0 - Harrisburg 7 |
| BOTTOM OF THE 6TH |
|
Harrisburg Senators batting - Pitching for Mississippi Braves : LHP Jake Warwick
|
|
Batting: RHB Nate Dickinson
|
0-0: SINGLE (Line Drive, 34D, EV 97.5 MPH)
|
|
Batting: RHB Ryan Hiemer
|
0-0: Called Strike 0-1: Ball 1-1: Fielders Choice at 2nd, 5-4 (Groundball, 56, EV 85.6 MPH)
|
|
Batting: RHB Er Le
|
0-0: Ball 1-0: Grounds into double play, 5-4-3 (Groundball, 56, EV 92.5 MPH)
|
| Bottom of the 6th over - 0 runs, 1 hit, 0 errors, 0 left on base; Mississippi 0 - Harrisburg 7 |
| TOP OF THE 7TH |
|
Mississippi Braves batting - Pitching for Harrisburg Senators : RHP Jimmy Purscell
|
|
Batting: RHB Luis Restrepo
|
0-0: Called Strike 0-1: Swinging Strike 0-2: Ball 1-2: Ball 2-2: Strikes out swinging
|
|
Batting: RHB Hieronim Rutkowski
|
0-0: Swinging Strike 0-1: Ball 1-1: Ball 2-1: Called Strike 2-2: Ground out 4-3 (Groundball, 4MS, EV 67.5 MPH)
|
|
Batting: RHB Tim Molchan
|
0-0: Swinging Strike 0-1: SINGLE (Groundball, 25, EV 75.6 MPH) (infield hit)
|
|
Pitching: RHP David Koski
|
|
|
Batting: LHB Luis Cruz
|
0-0: Fly out, F7 (Flyball, 7, EV 86.9 MPH)
|
| Top of the 7th over - 0 runs, 1 hit, 0 errors, 1 left on base; Mississippi 0 - Harrisburg 7 |
| BOTTOM OF THE 7TH |
|
Harrisburg Senators batting - Pitching for Mississippi Braves : LHP Jake Warwick
|
|
Batting: RHB Pat Scaturro
|
0-0: Called Strike 0-1: Fly out, F8 (Flyball, 8LXD, EV 98.1 MPH)
|
|
Batting: LHB Kevin Kantor
|
0-0: Ball 1-0: Ball 2-0: Called Strike 2-1: Foul Ball, location: 2F 2-2: Ball 3-2: Base on Balls
|
|
Batting: RHB Bobby Bricker
|
0-0: Ball 1-0: Ball 2-0: Called Strike 2-1: Foul Ball, location: 2F 2-2: Strikes out swinging
|
|
Batting: SHB Curtis DeLille
|
0-0: Ball 1-0: Called Strike 1-1: Called Strike 1-2: Foul Ball, location: 2F 1-2: Ground out U3 (Groundball, 3, EV 80.6 MPH)
|
| Bottom of the 7th over - 0 runs, 0 hits, 0 errors, 1 left on base; Mississippi 0 - Harrisburg 7 |
| TOP OF THE 8TH |
|
Mississippi Braves batting - Pitching for Harrisburg Senators : RHP David Koski
|
|
Batting: RHB Elias Vences
|
0-0: Ball 1-0: Ball 2-0: Swinging Strike 2-1: Swinging Strike 2-2: Ball 3-2: Base on Balls
|
|
Batting: RHB Gerard Michel
|
0-0: Called Strike 0-1: Ball 1-1: Foul Ball, location: 2F 1-2: Strikes out swinging
|
|
Batting: LHB Sal Fernandez
|
0-0: Ball 1-0: Ball 2-0: Fly out, F6 (Popup, P, EV 90.6 MPH)
|
|
Batting: RHB Paul Landes
|
0-0: Ball 1-0: Called Strike 1-1: Foul Ball, location: 2F 1-2: Ball 2-2: Foul Ball, location: 2F 2-2: Foul Ball, location: 2F 2-2: Fielders Choice at 2nd, 6-4 (Groundball, 6, EV 101.9 MPH)
|
| Top of the 8th over - 0 runs, 0 hits, 0 errors, 1 left on base; Mississippi 0 - Harrisburg 7 |
| BOTTOM OF THE 8TH |
|
Harrisburg Senators batting - Pitching for Mississippi Braves : LHP Jake Warwick
|
|
Batting: RHB Victor Cintron
|
0-0: Ball 1-0: Ground out 5-3 (Groundball, 25, EV 85.6 MPH)
|
|
Batting: LHB Chris Williams
|
0-0: Foul Ball, location: 2F 0-1: Ball 1-1: Ball 2-1: Fly out, F4 (Popup, 34S, EV 88.1 MPH)
|
|
Batting: RHB Nate Dickinson
|
0-0: Ball 1-0: Ball 2-0: Ball 3-0: Base on Balls
|
|
Batting: RHB Ryan Hiemer
|
0-0: Foul Ball, location: 2F 0-1: Called Strike 0-2: SINGLE (Groundball, 4MD, EV 102.5 MPH) Nate Dickinson to second
|
|
Batting: RHB Er Le
|
0-0: Ball 1-0: Ball 2-0: Called Strike 2-1: Fly out, F3 (Popup, 3SF, EV 74.4 MPH)
|
| Bottom of the 8th over - 0 runs, 1 hit, 0 errors, 2 left on base; Mississippi 0 - Harrisburg 7 |
| TOP OF THE 9TH |
|
Mississippi Braves batting - Pitching for Harrisburg Senators : RHP David Koski
|
|
Batting: LHB Art D'Ascenzo
|
0-0: Called Strike 0-1: Ball 1-1: Foul Ball, location: 2F 1-2: SINGLE (Groundball, 34S, EV 64.4 MPH) (infield hit)
|
|
Batting: RHB Luis Restrepo
|
0-0: Called Strike 0-1: Ball 1-1: Ball 2-1: Foul Ball, location: 2F 2-2: Foul Ball, location: 2F 2-2: Fly out, F7 (Line Drive, 7LM, EV 95.6 MPH)
|
|
Batting: RHB Hieronim Rutkowski
|
0-0: Swinging Strike 0-1: Ball 1-1: Called Strike 1-2: Strikes out looking
|
|
Batting: RHB Tim Molchan
|
0-0: Foul Ball, location: 2F 0-1: Foul Ball, location: 2F 0-2: Foul Ball, location: 2F 0-2: Foul Ball, location: 2F 0-2: Ball Passed Ball! Art D'Ascenzo to second 1-2: Ball 2-2: Ball 3-2: Foul Ball, location: 2F 3-2: Foul Ball, location: 2F 3-2: Fly out, F7 (Flyball, 78XD, EV 90.6 MPH)
|
| Top of the 9th over - 0 runs, 1 hit, 0 errors, 1 left on base; Mississippi 0 - Harrisburg 7 |
|